 Dungeon Crawl Stone Soup version 0.29.0-4-gdea44cf6ec (webtiles) character file.

Game seed: 10928806591679360268

19 qw the Caller (level 2, 0/23 HPs)
             Began as a Ghoul Summoner on Sept 10, 2022.
             Slain by a jackal (1 damage)
             ... on level 1 of the Dungeon.
             The game lasted 00:00:26 (897 turns).

qw the Caller (Ghoul Summoner)                       Turns: 897, Time: 00:00:26

Health: 0/23       AC:  2    Str: 11    XL:     2   Next: 75%
Magic:  0/3        EV: 12    Int: 10    God:
Gold:   34         SH:  0    Dex:  9    Spells: 3/4 levels left

rFire   . . .      SeeInvis .   f - +0 whip
rCold   + . .      Faith    .   (no shield)
rNeg    + + +      Spirit   .   a - +0 robe
rPois   inf        Reflect  .   (no helmet)
rElec   .          Harm     .   (no cloak)
rCorr   .          Rampage  .   (no gloves)
Will    .....                   (no boots)
Stlth   ++........              (no amulet)
HPRegen 0.00/turn               (no ring)
MPRegen 0.08/turn               (no ring)

@: inhibited regen
A: claws 1, cold resistance 1, negative energy resistance 3, inhibited
regeneration, torment resistance 2, devour on kill
a: no special abilities


You were on level 1 of the Dungeon.
You visited 1 branch of the dungeon, and saw 1 of its levels.

You collected 34 gold pieces.


Innate Abilities, Weirdness & Mutations

You are immune to poison.
You have sharp fingernails.
Your flesh is cold resistant. (rC+)
You are immune to negative energy. (rN+++)
You do not regenerate when monsters are visible.
You are immune to unholy pain and torment.
You thrive by killing the living.


   Skills:
 - Level 1.0 Fighting
 + Level 1.7 Axes
 - Level 1.7 Dodging
 - Level 2.1 Stealth
 - Level 1.7 Spellcasting
 - Level 3.6 Summonings


You had 3 spell levels left.
You knew the following spells:

 Your Spells              Type           Power      Damage    Failure   Level
a - Summon Small Mammal   Summ           32%        N/A       8%          1

Your spell library contained the following spells:

 Spells                   Type           Power      Damage    Failure   Level
 Call Imp                 Summ           8%         N/A       11%         2
 Call Canine Familiar     Summ           8%         N/A       22%         3
 Summon Guardian Golem    Hex/Summ       4%         N/A       43%         3
 Summon Lightning Spire   Summ/Air       4%         N/A       83%         4

Inventory:

Hand Weapons
 f - a +0 whip (weapon)
Armour
 a - a +0 robe (worn)
Scrolls
 c - a scroll of identify {unknown}
 g - a scroll of summoning {unknown}
Potions
 b - a potion of magic
 d - a potion of berserk rage {unknown}
 e - 2 potions of heal wounds {unknown}

Dungeon Overview and Level Annotations

Branches:
Dungeon (1/15)

Altars:


Message History

Your rat dies!
Your rat's corpse disappears in a puff of smoke!
You barely miss the jackal.
The jackal is severely wounded.
Your bat hits the jackal but does no damage.
The jackal closely misses you.
Your bat barely misses the jackal.
The jackal bites you. x2; The jackal barely misses you.
The jackal bites you.
You closely miss the jackal.
The jackal is severely wounded.
Your bat hits the jackal but does no damage.
The jackal bites you. The jackal closely misses you. x2
The jackal barely misses you. x2; The jackal closely misses you.
You hit the jackal but do no damage.
The jackal is severely wounded.
Your bat barely misses the jackal.
The jackal closely misses you. x2
The jackal bites you. The jackal misses you. The jackal barely misses you.
The jackal closely misses you.
895 ||| CASTING Summon Small Mammal
Casting: Summon Small Mammal (safe; 8% risk of failure)
Confirm with . or Enter, or press ? or * to list all spells.
Your bat hits the jackal but does no damage.
The jackal bites you but does no damage.
The jackal bites you. The jackal misses you. The jackal bites you.
The jackal closely misses you.
You hit the jackal but do no damage. Your claw misses the jackal.
The jackal is severely wounded.
Your bat hits the jackal but does no damage.
Your bat barely misses the jackal.
The jackal closely misses you.
Your bat hits the jackal but does no damage.
The jackal closely misses you.
The jackal bites your bat but does no damage.
Your bat closely misses the jackal.
The jackal barely misses you. The jackal bites you. x2
Your bat hits the jackal but does no damage.
The jackal misses your bat.
You closely miss the jackal.
The jackal is severely wounded.
Your bat hits the jackal but does no damage.
The jackal bites you.
You die...

### ..# .. ..######..
.........####
............ #######...#
###### ## ##....#
##.....#. .####.....##
##h....... ...........##
#.@hb.....
####.%......###.hhb.....
# #....................
##.....#####.........
####......# #.........
...#.......# ##........
##.........# ##.......
...........# .......
#..##.....## ####..


You could see 4 jackals and 2 friendly bats.

Vanquished Creatures
  A ball python (D:1)
  2 bats (D:1)
  An endoplasm (D:1)
  2 giant cockroaches (D:1)
  A kobold (D:1)
  A quokka (D:1)
  A frilled lizard (D:1)
9 creatures vanquished.

Vanquished Creatures (collateral kills)
  2 endoplasms (D:1)
  A kobold (D:1)
  3 frilled lizards (D:1)
  2 rats (D:1)
8 creatures vanquished.

Grand Total: 17 creatures vanquished

Notes
Turn   | Place    | Note
-------+----------+-------------------------------------------
     0 | D:1      | qw the Ghoul Summoner began the quest for the Orb.
     0 | D:1      | Reached XP level 1. HP: 14/14 MP: 2/2
     0 | D:1      | 0 ||| qw: Version: 0.1-a-113-g051387a
     0 | D:1      | 0 ||| qw: Game counter: 7375
     0 | D:1      | 0 ||| qw: Always use a shield: true
     0 | D:1      | 0 ||| qw: God list: Okawaru
     0 | D:1      | 0 ||| qw: Allow faded altars: false
     0 | D:1      | 0 ||| qw: Do Orc after D:15 true
     0 | D:1      | 0 ||| qw: Do second Lair branch before Depths: true
     0 | D:1      | 0 ||| qw: Lair rune preference: random
     0 | D:1      | 0 ||| qw: Plans: Normal
     0 | D:1      | 0 ||| PLANNING D:1-11
    15 | D:1      | 15 ||| CASTING Summon Small Mammal
    16 | D:1      | 16 ||| CASTING Summon Small Mammal
    49 | D:1      | 49 ||| CASTING Summon Small Mammal
    50 | D:1      | 50 ||| CASTING Summon Small Mammal
    62 | D:1      | 62 ||| CASTING Summon Small Mammal
    88 | D:1      | 88 ||| CASTING Summon Small Mammal
    89 | D:1      | 89 ||| CASTING Summon Small Mammal
    97 | D:1      | Reached skill level 1 in Axes
   100 | D:1      | 100 ||| CASTING Summon Small Mammal
   143 | D:1      | 143 ||| CASTING Summon Small Mammal
   144 | D:1      | 144 ||| CASTING Summon Small Mammal
   171 | D:1      | 171 ||| CASTING Summon Small Mammal
   172 | D:1      | 172 ||| CASTING Summon Small Mammal
   205 | D:1      | 205 ||| CASTING Summon Small Mammal
   206 | D:1      | 206 ||| CASTING Summon Small Mammal
   214 | D:1      | Reached skill level 1 in Fighting
   214 | D:1      | Reached XP level 2. HP: 23/23 MP: 0/3
   246 | D:1      | 246 ||| CASTING Summon Small Mammal
   247 | D:1      | 247 ||| CASTING Summon Small Mammal
   248 | D:1      | 248 ||| CASTING Summon Small Mammal
   308 | D:1      | 308 ||| Wielding weapon +0 short sword.
   313 | D:1      | 313 ||| SWAPPING to +0 whip.
   314 | D:1      | 314 ||| DROPPING +0 short sword.
   343 | D:1      | 343 ||| CASTING Summon Small Mammal
   344 | D:1      | 344 ||| CASTING Summon Small Mammal
   347 | D:1      | 347 ||| CASTING Summon Small Mammal
   356 | D:1      | 356 ||| CASTING Summon Small Mammal
   367 | D:1      | 367 ||| CASTING Summon Small Mammal
   589 | D:1      | 589 ||| CASTING Summon Small Mammal
   590 | D:1      | 590 ||| CASTING Summon Small Mammal
   591 | D:1      | 591 ||| CASTING Summon Small Mammal
   637 | D:1      | 637 ||| CASTING Summon Small Mammal
   638 | D:1      | 638 ||| CASTING Summon Small Mammal
   639 | D:1      | 639 ||| CASTING Summon Small Mammal
   650 | D:1      | 650 ||| CASTING Summon Small Mammal
   706 | D:1      | 706 ||| CASTING Summon Small Mammal
   707 | D:1      | 707 ||| CASTING Summon Small Mammal
   708 | D:1      | 708 ||| CASTING Summon Small Mammal
   749 | D:1      | 749 ||| CASTING Summon Small Mammal
   750 | D:1      | 750 ||| CASTING Summon Small Mammal
   751 | D:1      | 751 ||| CASTING Summon Small Mammal
   792 | D:1      | 792 ||| CASTING Summon Small Mammal
   793 | D:1      | 793 ||| CASTING Summon Small Mammal
   794 | D:1      | 794 ||| CASTING Summon Small Mammal
   843 | D:1      | 843 ||| CASTING Summon Small Mammal
   844 | D:1      | 844 ||| CASTING Summon Small Mammal
   845 | D:1      | 845 ||| CASTING Summon Small Mammal
   884 | D:1      | 884 ||| CASTING Summon Small Mammal
   885 | D:1      | 885 ||| CASTING Summon Small Mammal
   886 | D:1      | 886 ||| CASTING Summon Small Mammal
   895 | D:1      | 895 ||| CASTING Summon Small Mammal
   895 | D:1      | HP: 5/23 [jackal (3)]
   896 | D:1      | HP: 2/23 [jackal (3)]
   897 | D:1      | Slain by a jackal

Levels and vault maps discovered:
D:1:      ebering_hopf_link, layout_rooms, serial_shops,
          nicolae_shop_hallway_stairs

Skill      XL: |  1 |
---------------+----+-----
Axes           | 1 |  1.7
Fighting       | 1 |  1.0
Dodging        | |  1.7
Stealth        | |  2.1
Spellcasting   | |  1.7
Summonings     | |  3.6

Action                   || total
-------------------------++-------
Melee: Unarmed           ||    19
       Whip              ||    34
 Cast: Summon Small Mamm ||    43
Armor: Robe              ||    12
Dodge: Dodged            ||    54

Table legend:
 A = Non-vault XP
 B = Vault XP
 C = Vault XP percentage of total XP
 D = Non-vault monster count
 E = Vault monster count
 F = Vault count percentage of total count
                 A         B        C        D         E       F
            +---------+---------+-------+---------+---------+-------
      Total |      28 |       0 |   0.0 |      17 |       0 |   0.0
            +---------+---------+-------+---------+---------+-------
        D:1 |      28 |       0 |   0.0 |      17 |       0 |   0.0
            +---------+---------+-------+---------+---------+-------
